[ AOE2 MATCH · #495597964 ]
UnrankedMagyars vs Britons
Player's team · LOSS
Rival team · WIN
[ REPLAY ANALYSIS · EXTRACTED FROM THE RECORDED GAME ]
Feudal
13:10
Castle
22:45
Imperial
—
| APM avg | 93.2 |
| APM peak | 159 |
| eAPM avg | 41.8 |
| Villagers / military | 96 / 66 |
Focus
⚔️ 45.9% · 🌾 54.1%
Skirmisher ×48 · Knight ×13 · Militia ×5
Feudal
9:22
Castle
19:59
Imperial
—
| APM avg | 55.9 |
| APM peak | 102 |
| eAPM avg | 22.6 |
| Villagers / military | 71 / 40 |
Focus
⚔️ 47.8% · 🌾 52.2%
Archer ×36 · Mangonel ×4
Match map
Initial resources + every placement click. Lines = walls · curves = elevation contours. ◆ gold · ⬟ stone · ● berries · ✦ relic · ◌ wall gap
Your base· ✓ Closed at 22:45 · 76t walls · 1 gate(s)
JoeSham's base· ✓ Closed at 19:59 · 23t walls · 3 gate(s)
Smoothed initial terrain · ◌ = detected wall gap · hover for details
Inputs per minute
— SVTT | Альпинист - - JoeSham
Build order — SVTT | Альпинист
First 150 of 267 actions detected
| 0:00 | Queue | Villager (Male) |
| 0:01 | Queue | Villager (Male) |
| 0:01 | Build | House |
| 0:02 | Queue | Villager (Male) |
| 0:02 | Build | House |
| 0:06 | Queue | Villager (Male) |
| 1:24 | Queue | Villager (Male) |
| 1:47 | Queue | Villager (Male) |
| 2:01 | Build | Lumber Camp |
| 2:13 | Queue | Villager (Male) |
| 2:13 | Queue | Villager (Male) |
| 2:29 | Queue | Villager (Male) |
| 3:08 | Queue | Villager (Male) |
| 3:08 | Queue | Villager (Male) |
| 3:30 | Queue | Villager (Male) |
| 3:30 | Queue | Villager (Male) |
| 3:30 | Queue | Villager (Male) |
| 3:39 | Build | House |
| 3:40 | Build | Palisade Wall |
| 3:47 | Build | House |
| 3:48 | Build | Palisade Wall |
| 4:04 | Queue | Villager (Male) |
| 4:04 | Queue | Villager (Male) |
| 4:24 | Queue | Villager (Male) |
| 4:24 | Queue | Villager (Male) |
| 5:02 | Queue | Villager (Male) |
| 5:04 | Queue | Villager (Male) |
| 5:04 | Queue | Villager (Male) |
| 5:05 | Build | Barracks |
| 5:16 | Build | Palisade Wall |
| 5:31 | Queue | Villager (Male) |
| 5:38 | Queue | Villager (Male) |
| 5:39 | Queue | Villager (Male) |
| 5:52 | Queue | Villager (Male) |
| 5:54 | Build | House |
| 6:01 | Queue | Militia |
| 6:05 | Queue | Militia |
| 6:33 | Build | House |
| 6:41 | Build | Mill |
| 6:43 | Queue | Villager (Male) |
| 7:00 | Queue | Militia |
| 7:13 | Build | Palisade Wall |
| 7:29 | Queue | Villager (Male) |
| 7:29 | Queue | Villager (Male) |
| 7:36 | Build | Palisade Wall |
| 7:40 | Build | Palisade Wall |
| 7:42 | Build | Palisade Wall |
| 7:50 | Queue | Villager (Male) |
| 7:53 | Research | Loom |
| 7:57 | Build | Farm |
| 8:13 | Queue | Villager (Male) |
| 8:13 | Queue | Villager (Male) |
| 8:20 | Build | Farm |
| 8:23 | Build | Palisade Wall |
| 8:31 | Queue | Villager (Male) |
| 8:31 | Queue | Villager (Male) |
| 8:35 | Queue | Villager (Male) |
| 8:36 | Queue | Villager (Male) |
| 8:43 | Build | Palisade Wall |
| 8:44 | Build | Palisade Wall |
| 8:51 | Queue | Villager (Male) |
| 9:03 | Queue | Villager (Male) |
| 9:04 | Queue | Villager (Male) |
| 9:10 | Build | Farm |
| 9:59 | Build | Farm |
| 10:02 | Build | Farm |
| 10:36 | Build | Mining Camp |
| 11:00 | Research | Feudal Age |
| 11:00 | Research | Feudal Age |
| 11:36 | Build | Lumber Camp |
| 11:53 | Build | House |
| 12:00 | Queue | Militia |
| 12:15 | Queue | Militia |
| 12:26 | Build | Palisade Wall |
| 12:31 | Build | Palisade Gate |
| 12:36 | Queue | Villager (Male) |
| 12:57 | Queue | Villager (Male) |
| 13:10 | Age | Feudal Age |
| 13:12 | Research | Man-at-Arms (upgrade) |
| 13:12 | Research | Man-at-Arms (upgrade) |
| 13:18 | Queue | Villager (Male) |
| 13:26 | Build | Archery Range |
| 13:31 | Build | House |
| 13:33 | Research | Double-Bit Axe |
| 13:36 | Queue | Villager (Male) |
| 13:44 | Queue | Villager (Male) |
| 13:55 | Build | House |
| 13:58 | Queue | Villager (Male) |
| 14:02 | Research | Horse Collar |
| 14:03 | Research | Horse Collar |
| 14:03 | Queue | Villager (Male) |
| 14:04 | Queue | Skirmisher |
| 14:16 | Queue | Villager (Male) |
| 14:22 | Queue | Skirmisher |
| 14:22 | Queue | Skirmisher |
| 14:32 | Queue | Villager (Male) |
| 14:32 | Queue | Villager (Male) |
| 14:39 | Queue | Villager (Male) |
| 14:39 | Queue | Villager (Male) |
| 14:43 | Queue | Skirmisher |
| 14:43 | Queue | Skirmisher |
| 14:49 | Queue | Villager (Male) |
| 14:49 | Queue | Villager (Male) |
| 14:51 | Build | Farm |
| 14:55 | Queue | Villager (Male) |
| 14:56 | Queue | Villager (Male) |
| 14:57 | Queue | Skirmisher |
| 14:58 | Queue | Skirmisher |
| 15:14 | Build | Farm |
| 15:20 | Queue | Villager (Male) |
| 15:21 | Build | Farm |
| 15:46 | Queue | Skirmisher |
| 15:46 | Queue | Villager (Male) |
| 16:02 | Queue | Villager (Male) |
| 16:07 | Build | Blacksmith |
| 16:12 | Research | Town Watch |
| 16:12 | Queue | Villager (Male) |
| 16:16 | Build | Farm |
| 16:18 | Build | Farm |
| 16:21 | Build | Farm |
| 16:25 | Queue | Skirmisher |
| 16:25 | Queue | Skirmisher |
| 16:29 | Queue | Skirmisher |
| 16:29 | Queue | Skirmisher |
| 16:33 | Queue | Villager (Male) |
| 16:44 | Build | House |
| 17:04 | Research | Fletching |
| 17:06 | Build | House |
| 17:13 | Queue | Villager (Male) |
| 17:17 | Build | House |
| 17:27 | Queue | Skirmisher |
| 17:31 | Build | Farm |
| 17:37 | Build | Farm |
| 17:41 | Build | House |
| 18:02 | Build | Market |
| 18:07 | Queue | Skirmisher |
| 18:10 | Queue | Skirmisher |
| 18:11 | Queue | Villager (Male) |
| 18:13 | Build | House |
| 18:35 | Build | Farm |
| 18:38 | Build | Farm |
| 18:45 | Build | House |
| 18:55 | Build | Lumber Camp |
| 19:39 | Build | Farm |
| 20:05 | Research | Castle Age |
| 20:05 | Research | Castle Age |
| 20:37 | Research | Padded Archer Armor |
| 20:38 | Queue | Skirmisher |
| 20:40 | Queue | Skirmisher |
| 20:45 | Queue | Skirmisher |
Build order — JoeSham
First 150 of 196 actions detected
| 0:00 | Queue | Villager (Male) |
| 0:00 | Queue | Villager (Male) |
| 0:02 | Build | House |
| 0:03 | Build | House |
| 0:52 | Queue | Villager (Male) |
| 0:52 | Queue | Villager (Male) |
| 1:28 | Queue | Villager (Male) |
| 1:55 | Queue | Villager (Male) |
| 2:04 | Queue | Villager (Male) |
| 2:05 | Build | Lumber Camp |
| 2:27 | Queue | Villager (Male) |
| 2:58 | Build | House |
| 3:00 | Queue | Villager (Male) |
| 3:14 | Queue | Villager (Male) |
| 4:06 | Queue | Villager (Male) |
| 4:32 | Queue | Villager (Male) |
| 4:43 | Build | Mill |
| 4:54 | Queue | Villager (Male) |
| 5:02 | Queue | Villager (Male) |
| 5:40 | Queue | Villager (Male) |
| 6:05 | Queue | Villager (Male) |
| 6:06 | Research | Loom |
| 7:12 | Research | Feudal Age |
| 7:47 | Build | Barracks |
| 8:00 | Build | Palisade Wall |
| 8:05 | Build | Palisade Wall |
| 8:39 | Build | Lumber Camp |
| 8:42 | Build | Palisade Gate |
| 8:53 | Build | Mining Camp |
| 9:09 | Queue | Villager (Male) |
| 9:15 | Build | House |
| 9:21 | Build | Palisade Wall |
| 9:22 | Age | Feudal Age |
| 9:33 | Build | House |
| 9:36 | Build | Palisade Wall |
| 9:50 | Queue | Villager (Male) |
| 10:01 | Research | Double-Bit Axe |
| 10:16 | Queue | Villager (Male) |
| 10:21 | Build | Archery Range |
| 10:27 | Queue | Villager (Male) |
| 10:30 | Build | Palisade Wall |
| 10:32 | Build | House |
| 10:45 | Queue | Villager (Male) |
| 11:00 | Queue | Villager (Male) |
| 11:18 | Queue | Villager (Male) |
| 11:21 | Queue | Archer |
| 11:30 | Queue | Villager (Male) |
| 11:37 | Build | Blacksmith |
| 11:41 | Build | House |
| 11:42 | Build | Palisade Wall |
| 11:46 | Queue | Villager (Male) |
| 11:50 | Queue | Archer |
| 12:12 | Build | Palisade Wall |
| 12:31 | Queue | Archer |
| 12:36 | Build | House |
| 12:47 | Queue | Villager (Male) |
| 12:58 | Build | Palisade Gate |
| 12:59 | Build | Palisade Wall |
| 13:17 | Build | Mill |
| 13:22 | Build | Palisade Wall |
| 13:27 | Queue | Villager (Male) |
| 13:38 | Build | Palisade Gate |
| 13:45 | Build | House |
| 13:51 | Build | Farm |
| 13:52 | Queue | Villager (Male) |
| 14:01 | Build | Farm |
| 14:17 | Build | Farm |
| 14:25 | Queue | Archer |
| 14:29 | Build | Palisade Wall |
| 14:31 | Queue | Villager (Male) |
| 14:36 | Build | Farm |
| 14:38 | Queue | Archer |
| 14:46 | Build | House |
| 14:51 | Build | House |
| 14:54 | Build | House |
| 15:02 | Build | House |
| 15:03 | Build | House |
| 15:04 | Queue | Villager (Male) |
| 15:06 | Build | Farm |
| 15:12 | Queue | Villager (Male) |
| 15:23 | Queue | Archer |
| 15:36 | Build | House |
| 15:42 | Queue | Villager (Male) |
| 15:43 | Build | Farm |
| 15:48 | Build | Farm |
| 15:54 | Queue | Villager (Male) |
| 15:56 | Queue | Archer |
| 16:14 | Build | Farm |
| 16:20 | Build | Farm |
| 16:34 | Build | Farm |
| 16:40 | Build | Farm |
| 16:40 | Build | Farm |
| 16:45 | Build | Farm |
| 16:49 | Queue | Villager (Male) |
| 17:19 | Research | Castle Age |
| 17:27 | Queue | Archer |
| 17:53 | Queue | Archer |
| 18:06 | Build | Archery Range |
| 18:08 | Queue | Archer |
| 18:10 | Research | Gold Mining |
| 18:19 | Research | Horse Collar |
| 18:24 | Build | Farm |
| 18:28 | Build | Farm |
| 18:32 | Build | Farm |
| 18:36 | Queue | Archer |
| 18:39 | Research | Fletching |
| 18:54 | Build | Farm |
| 19:00 | Build | Farm |
| 19:13 | Research | Padded Archer Armor |
| 19:14 | Queue | Archer |
| 19:22 | Queue | Archer |
| 19:37 | Queue | Villager (Male) |
| 19:57 | Queue | Archer |
| 19:59 | Age | Castle Age |
| 20:02 | Research | Bodkin Arrow |
| 20:34 | Research | Crossbowman (upgrade) |
| 20:36 | Queue | Villager (Male) |
| 21:02 | Research | Bow Saw |
| 21:27 | Build | Siege Workshop |
| 21:29 | Queue | Archer |
| 21:30 | Queue | Villager (Male) |
| 21:56 | Queue | Archer |
| 21:57 | Queue | Villager (Male) |
| 22:06 | Build | University |
| 22:22 | Queue | Villager (Male) |
| 22:22 | Queue | Villager (Male) |
| 22:24 | Queue | Mangonel |
| 22:37 | Build | House |
| 22:40 | Queue | Archer |
| 22:44 | Research | Wheelbarrow |
| 23:17 | Queue | Villager (Male) |
| 23:27 | Queue | Villager (Male) |
| 23:37 | Queue | Villager (Male) |
| 23:39 | Research | Ballistics |
| 23:42 | Build | House |
| 24:37 | Queue | Archer |
| 24:47 | Queue | Archer |
| 24:48 | Queue | Villager (Male) |
| 24:48 | Queue | Villager (Male) |
| 24:48 | Queue | Villager (Male) |
| 24:49 | Queue | Villager (Male) |
| 24:51 | Build | Farm |
| 25:09 | Queue | Archer |
| 25:10 | Queue | Villager (Male) |
| 25:10 | Queue | Villager (Male) |
| 25:19 | Build | House |
| 25:26 | Queue | Mangonel |
| 25:26 | Queue | Villager (Male) |
| 25:27 | Queue | Archer |
| 25:55 | Queue | Archer |
Match timeline
| 3:40 | SVTT | Альпинист · wall_segment Palisade Wall x7 |
| 3:48 | SVTT | Альпинист · wall_segment Palisade Wall x8 |
| 5:05 | SVTT | Альпинист · first_building Barracks |
| 5:16 | SVTT | Альпинист · wall_segment Palisade Wall x14 |
| 7:13 | SVTT | Альпинист · wall_segment Palisade Wall x5 |
| 7:36 | SVTT | Альпинист · wall_segment Palisade Wall x1 |
| 7:40 | SVTT | Альпинист · wall_segment Palisade Wall x10 |
| 7:42 | SVTT | Альпинист · wall_segment Palisade Wall x9 |
| 7:47 | JoeSham · first_building Barracks |
| 8:00 | JoeSham · wall_segment Palisade Wall x1 |
| 8:05 | JoeSham · wall_segment Palisade Wall x1 |
| 8:23 | SVTT | Альпинист · wall_segment Palisade Wall x12 |
| 8:43 | SVTT | Альпинист · wall_segment Palisade Wall x8 |
| 8:44 | SVTT | Альпинист · wall_segment Palisade Wall x2 |
| 9:21 | JoeSham · wall_segment Palisade Wall x2 |
| 9:22 | JoeSham · age_up feudal |
| 9:36 | JoeSham · wall_segment Palisade Wall x5 |
| 10:21 | JoeSham · first_building Archery Range |
| 10:30 | JoeSham · wall_segment Palisade Wall x1 |
| 11:42 | JoeSham · wall_segment Palisade Wall x1 |
| 12:12 | JoeSham · wall_segment Palisade Wall x7 |
| 12:26 | SVTT | Альпинист · wall_segment Palisade Wall x1 |
| 12:59 | JoeSham · wall_segment Palisade Wall x1 |
| 13:10 | SVTT | Альпинист · age_up feudal |
| 13:22 | JoeSham · wall_segment Palisade Wall x5 |
| 13:26 | SVTT | Альпинист · first_building Archery Range |
| 14:29 | JoeSham · wall_segment Palisade Wall x2 |
| 19:17 | SVTT | Альпинист · first_market_sell 100 wood |
| 19:18 | SVTT | Альпинист · first_market_buy 100 food |
| 19:59 | JoeSham · age_up castle |
| 20:53 | SVTT | Альпинист · first_building Stable |
| 21:27 | JoeSham · first_building Siege Workshop |
| 22:45 | SVTT | Альпинист · age_up castle |
| 28:34 | SVTT | Альпинист · wall_segment Stone Wall x7 |
| 28:35 | SVTT | Альпинист · wall_segment Stone Wall x3 |
| 30:51 | SVTT | Альпинист · resign |
[ AI ANALYSIS · 1 CREDIT ]
What really happened in this match?
Wolo.gg analyzes every decision: build order, eco, micro, common mistakes by bracket. Personalized analysis on WhatsApp or Discord in 30 seconds.
Civ guide
Magyars
Perfil
Jugador #6375678